[ AOE2 MATCH · #459352607 ]
UnrankedIncas vs Mapuche
Player's team · WIN
Rival team · LOSS
[ REPLAY ANALYSIS · EXTRACTED FROM THE RECORDED GAME ]
Feudal
—
Castle
—
Imperial
—
| APM avg | 57.4 |
| APM peak | 81 |
| eAPM avg | 12.2 |
| Villagers / military | 25 / 0 |
Focus
⚔️ 26.9% · 🌾 73.1%
Unknown (2550) ×4
Feudal
—
Castle
—
Imperial
—
| APM avg | 36.5 |
| APM peak | 56 |
| eAPM avg | 17.6 |
| Villagers / military | 26 / 0 |
Focus
⚔️ 25.0% · 🌾 75.0%
Unknown (2550) ×3
Match map
Initial resources + every placement click. Lines = walls · curves = elevation contours. ◆ gold · ⬟ stone · ● berries · ✦ relic · ◌ wall gap
Your base
seasickmick's base
Smoothed initial terrain · ◌ = detected wall gap · hover for details
Inputs per minute
— FAQUP - - seasickmick
Build order — FAQUP
34 actions detected in the replay
| 0:01 | Create | Villager (Male) ×4 |
| 0:02 | Build | House |
| 0:05 | Build | Barracks |
| 1:35 | Create | Villager (Male) |
| 2:08 | Create | Villager (Male) |
| 2:32 | Create | Villager (Male) |
| 2:34 | Create | Unit 2550 |
| 3:01 | Create | Villager (Male) |
| 3:13 | Create | Villager (Male) |
| 3:29 | Create | Villager (Male) |
| 3:45 | Build | House |
| 4:03 | Create | Unit 2550 |
| 4:12 | Create | Villager (Male) |
| 4:49 | Create | Villager (Male) |
| 5:08 | Create | Villager (Male) |
| 5:27 | Create | Villager (Male) |
| 5:32 | Create | Villager (Male) |
| 5:41 | Create | Unit 2550 |
| 5:41 | Create | Unit 2550 |
| 6:08 | Create | Villager (Male) |
| 6:35 | Create | Villager (Male) |
| 6:42 | Build | House |
| 6:58 | Build | Settlement |
| 7:09 | Create | Villager (Male) |
| 7:19 | Build | Settlement |
| 7:26 | Build | Settlement |
| 7:47 | Create | Villager (Male) |
| 7:47 | Create | Villager (Male) |
| 8:09 | Create | Villager (Male) |
| 8:15 | Build | Farm |
| 8:52 | Create | Villager (Male) |
| 9:18 | Create | Villager (Male) |
| 9:49 | Create | Villager (Male) |
| 9:49 | Create | Villager (Male) |
Build order — seasickmick
47 actions detected in the replay
| 0:01 | Create | Villager (Male) |
| 0:01 | Create | Villager (Male) |
| 0:02 | Build | House |
| 0:04 | Build | House |
| 0:23 | Create | Villager (Male) |
| 0:24 | Create | Villager (Male) |
| 1:38 | Create | Villager (Male) |
| 2:03 | Build | Settlement |
| 2:07 | Create | Villager (Male) |
| 2:07 | Create | Villager (Male) |
| 2:17 | Create | Villager (Male) |
| 3:05 | Create | Villager (Male) |
| 3:05 | Create | Villager (Male) |
| 3:23 | Create | Villager (Male) |
| 4:02 | Create | Villager (Male) |
| 4:03 | Create | Villager (Male) |
| 4:27 | Create | Villager (Male) |
| 4:28 | Create | Villager (Male) |
| 4:28 | Create | Villager (Male) |
| 4:58 | Build | Settlement |
| 5:23 | Build | Palisade Wall |
| 5:25 | Build | House |
| 5:27 | Build | Palisade Wall |
| 5:39 | Build | House |
| 5:42 | Build | House |
| 6:03 | Create | Villager (Male) |
| 6:07 | Create | Villager (Male) |
| 6:07 | Create | Villager (Male) |
| 6:08 | Create | Villager (Male) |
| 6:08 | Create | Villager (Male) |
| 6:08 | Create | Villager (Male) |
| 6:43 | Create | Villager (Male) |
| 6:43 | Create | Villager (Male) |
| 6:55 | Build | House |
| 7:00 | Build | Palisade Wall |
| 7:17 | Build | Barracks |
| 7:20 | Create | Villager (Male) |
| 7:25 | Create | Villager (Male) |
| 8:12 | Research | Loom |
| 8:17 | Create | Unit 2550 |
| 8:18 | Create | Unit 2550 |
| 9:25 | Research | Feudal Age |
| 9:26 | Research | Feudal Age |
| 9:39 | Build | Palisade Wall |
| 9:49 | Create | Unit 2550 |
| 9:52 | Build | Farm |
| 9:54 | Build | Farm |
Match timeline
| 0:05 | FAQUP · first_building Barracks |
| 5:23 | seasickmick · wall_segment Palisade Wall x1 |
| 5:27 | seasickmick · wall_segment Palisade Wall x1 |
| 7:00 | seasickmick · wall_segment Palisade Wall x1 |
| 7:17 | seasickmick · first_building Barracks |
| 9:39 | seasickmick · wall_segment Palisade Wall x1 |
| 10:01 | seasickmick · resign |
[ AI ANALYSIS · 1 CREDIT ]
What really happened in this match?
Wolo.gg analyzes every decision: build order, eco, micro, common mistakes by bracket. Personalized analysis on WhatsApp or Discord in 30 seconds.
Civ guide
Incas
Perfil
Jugador #11554495